 Dungeon Crawl Stone Soup version 0.26.1-11-gd32895ea62 (webtiles) character file.

Game seed: 14657550941078316213

3477 promet the Thaumaturge (level 9, -2/41 HPs)
             Began as a Deep Elf Fire Elementalist on June 15, 2021.
             Was a Believer of Vehumet.
             Slain by a bullfrog (7 damage)
             ... on level 8 of the Dungeon.
             The game lasted 01:28:50 (13242 turns).

promet the Thaumaturge (DEFE)                      Turns: 13242, Time: 01:28:51

Health: -2/41      AC:  0    Str:  7      XL:     9   Next: 79%
Magic:  4/27       EV: 16    Int: 20 (22) God:    Vehumet [**....]
Gold:   44         SH:  0    Dex: 15      Spells: 16/33 levels left

rFire    . . .     SeeInvis .   (weapon currently unavailable)
rCold    . . .     Faith    +   (shield currently unavailable)
rNeg     . . .     Spirit   .   (armour currently unavailable)
rPois    .         Reflect  .   (helmet currently unavailable)
rElec    .         Harm     .   (cloak currently unavailable)
rCorr    .         Rampage  .   (gloves currently unavailable)
Will     .....                  (boots currently unavailable)
Stlth    +++.......             m - amulet of faith
HPRegen  0.13/turn              (ring currently unavailable)
MPRegen  0.20/turn              (ring currently unavailable)

@: mighty, pig-form, very quick
A: small, frail 1, mutation resistance 1, MP-powered wands
a: Renounce Religion


You were on level 8 of the Dungeon.
You worshipped Vehumet.
Vehumet was pleased with you.
You were a filthy swine.
You visited 2 branches of the dungeon, and saw 9 of its levels.

You collected 380 gold pieces.
You spent 336 gold pieces at shops.

Inventory:

Hand Weapons
 a - a +3 short sword of venom
 d - a +2 dagger of flaming
 j - a +1 vorpal mace
 k - a +0 dagger
 s - a +0 antimagic dagger (melded)
 t - a +1 dagger of holy wrath
 u - a +0 hunting sling
 x - a +1 short sword
 C - a +1 vorpal hand axe
 D - a +2 short sword of protection
 G - a +3 falchion
 H - a +5 spear of freezing
 L - a +0 shortbow
Missiles
 c - 19 boomerangs (quivered)
 h - 275 stones
 i - 115 arrows
 o - 19 bolts
 w - 11 poisoned darts
 y - 2 throwing nets
Armour
 b - a +2 pair of gloves (melded)
 B - a +2 helmet of intelligence (melded)
 E - a +0 pair of boots (melded)
 I - a +2 robe of willpower (melded)
Jewellery
 m - an amulet of faith (around neck)
 z - an uncursed amulet of the acrobat {unknown}
 F - an uncursed ring of see invisible
 K - an uncursed amulet of regeneration {unknown}
Wands
 r - a wand of paralysis (10)
Scrolls
 e - a scroll of blinking
 l - 6 scrolls of remove curse
 p - 2 scrolls of teleportation
 A - a scroll of identify
Potions
 f - a potion of brilliance
 g - a potion of magic
 n - a potion of invisibility
 v - 4 potions of flight
 J - a potion of lignification
 M - a potion of haste


   Skills:
 + Level 0.8 Fighting
 + Level 2.4 Short Blades
 + Level 0.6 Maces & Flails
 + Level 2.0 Bows
 + Level 2.4 Throwing
 + Level 3.9 Dodging
 + Level 5.5 Stealth
 * Level 12.6 Spellcasting
 + Level 5.6 Conjurations
 + Level 1.1 Translocations
 + Level 6.3 Fire Magic
 + Level 1.6 Earth Magic


You had 16 spell levels left.
You knew the following spells:

 Your Spells              Type           Power        Failure   Level
a - Foxfire               Conj/Fire      100%         1%          1
b - Magic Dart            Conj           100%         1%          1
c - Searing Ray           Conj           70%          1%          2
d - Conjure Flame         Conj/Fire      36%          1%          3
e - Sandblast             Erth           38%          2%          1
f - Apportation           Tloc           34%          3%          1
g - Shock                 Conj/Air       92%          1%          1
h - Sticky Flame          Conj/Fire      36%          4%          4
i - Dazzling Flash        Conj/Hex       46%          4%          3

Your spell library contained the following spells:

 Spells                   Type           Power        Failure   Level
 Inner Flame              Hex/Fire       25%          4%          3
 Animate Skeleton         Necr           24%          5%          1
 Corona                   Hex            13%          5%          1
 Pain                     Necr           48%          5%          1
 Summon Small Mammal      Summ           48%          5%          1
 Fireball                 Conj/Fire      18%          12%         5
 Iskenderun's Mystic Bla  Conj/Tloc      26%          13%         4
 Vampiric Draining        Necr           6%           16%         3
 Fulminant Prism          Conj/Hex       11%          17%         4
 Animate Dead             Necr           6%           47%         4
 Agony                    Necr           12%          83%         5


Dungeon Overview and Level Annotations

Branches:
Dungeon (8/15)             Temple (1/1) D:5
   Lair: D:8-11

Altars:
Makhleb
Qazlal
Uskayaw
Vehumet
Wu Jian

Shops:
D:5 *   D:6 [=??

Annotations:
D:2 1 runed translucent door, Crazy Yiuf


Innate Abilities, Weirdness & Mutations

You are frail. (-10% HP)
You are somewhat resistant to further mutation.
You expend magic power (3 MP) to strengthen your wands.


Message History

You feel your power returning. The bullfrog misses you. x2
You feel your strength returning.
You feel your intelligence returning.
Your life force feels restored.
Your Bows skill increases to level 2!
You bite the bullfrog!
The bullfrog is heavily wounded.
The bullfrog misses you.
You bite the bullfrog!
The bullfrog is severely wounded.
A bullfrog comes into view.
The bullfrog misses you.
The bullfrog gives a loud, deep croak!
The bullfrog completely misses you.
You barely miss the bullfrog.
The bullfrog is severely wounded.
The bullfrog releases a deep croak.
The bullfrog hits you.
* * * LOW HITPOINT WARNING * * *
The bullfrog hits you!
You die...

###....# ##.(.#
.#...... ...)..#
.)..##........
......####...........
.........(...........
......#............. #
...##...........#
.##.# #)##...†.<.....#
......#FF............#
#....h.........#.#
#..((.......#.##
#...........#.#
!.................
.#.#...............
#.##......###...#.# .
#....... ...# .
.....##.. .... .....##
#..


You could see 2 bullfrogs.

Vanquished Creatures
  Maggie (D:8)
  A wraith (D:7)
  A sky beast (D:5)
  4 orc warriors
  A phantom (D:4)
  A black bear (D:6)
  A necrophage (D:7)
  4 ogres
  2 centaurs (D:7)
  3 bullfrogs
  3 scorpions
  8 wights (D:6)
  A howler monkey (D:4)
  A bullfrog zombie (D:6)
  2 hounds
  8 orc wizards
  A centaur skeleton (D:4)
  5 orc priests
  6 worker ants
  12 gnolls
  9 adders
  2 howler monkey skeletons (D:6)
  A shadow imp (D:4)
  A white imp (D:4)
  An adder zombie (D:6)
  A worm (D:4)
  3 dart slugs
  8 leopard geckos
  34 orcs
  3 ball pythons
  9 bats
  2 giant cockroaches (D:2)
  8 goblins
  13 hobgoblins
  12 jackals
  4 quokkas
  7 frilled lizards
  A jackal skeleton (D:4)
  13 kobolds
  A leopard gecko zombie (D:6)
  9 rats
208 creatures vanquished.

Vanquished Creatures (others)
  A vampire (D:7)
  504 foxfires
505 creatures vanquished.

Grand Total: 713 creatures vanquished

Notes
Turn   | Place    | Note
-------+----------+-------------------------------------------
     0 | D:1      | promet the Deep Elf Fire Elementalist began the quest for
                  | the Orb.
     0 | D:1      | Reached XP level 1. HP: 10/10 MP: 6/6
   222 | D:1      | Reached XP level 2. HP: 15/15 MP: 6/8
   901 | D:1      | Gained mutation: Your spells are a little easier to cast,
                  | but a little less powerful. [potion of mutation]
   901 | D:1      | Gained mutation: You are occasionally teleported next to
                  | monsters. [potion of mutation]
   901 | D:1      | Lost mutation: Your spells are a little easier to cast, but
                  | a little less powerful. [potion of mutation]
   971 | D:1      | Reached XP level 3. HP: 19/19 MP: 8/10
  1764 | D:2      | Reached skill level 4 in Spellcasting
  1916 | D:2      | Reached XP level 4. HP: 24/24 MP: 7/12
  2362 | D:2      | Lost mutation: You are occasionally teleported next to
                  | monsters. [potion of mutation]
  2362 | D:2      | Gained mutation: You are frail. (-10% HP) [potion of
                  | mutation]
  2362 | D:2      | Gained mutation: You are somewhat resistant to further
                  | mutation. [potion of mutation]
  2362 | D:2      | Gained mutation: You expend magic power (3 MP) to
                  | strengthen your wands. [potion of mutation]
  2591 | D:2      | Found an ornate altar of the Wu Jian Council.
  2978 | D:2      | Found a runed translucent door.
  2979 | D:2      | Noticed Crazy Yiuf
  3383 | D:2      | Reached skill level 5 in Spellcasting
  3383 | D:2      | Reached XP level 5. HP: 25/25 MP: 9/14
  3753 | D:3      | Found a burning altar of Makhleb.
  3754 | D:3      | Found a stormy altar of Qazlal.
  4715 | D:4      | Noticed an ogre
  5099 | D:4      | Learned a level 1 spell: Magic Dart
  5102 | D:4      | Learned a level 2 spell: Searing Ray
  5167 | D:4      | Reached skill level 6 in Spellcasting
  5167 | D:4      | Reached XP level 6. HP: 15/28 MP: 7/17
  5956 | D:4      | Reached skill level 7 in Spellcasting
  6198 | D:4      | Reached XP level 7. HP: 27/32 MP: 13/19
  6568 | D:4      | Learned a level 3 spell: Conjure Flame
  6714 | D:4      | Reached skill level 1 in Throwing
  7254 | D:4      | Reached skill level 5 in Fire Magic
  7751 | D:5      | Entered Level 5 of the Dungeon
  7757 | D:5      | Reached skill level 8 in Spellcasting
  7808 | D:5      | Found a staircase to the Ecumenical Temple.
  7818 | Temple   | Entered the Ecumenical Temple
  7830 | Temple   | Became a worshipper of Vehumet
  8100 | D:5      | Found Vivuh's Assorted Antiques.
  8117 | D:5      | Bought a shiny helmet for 210 gold pieces
  8138 | D:5      | Found a glowing drain.
  8167 | D:5      | Reached XP level 8. HP: 36/36 MP: 15/22
  8489 | D:5      | Reached skill level 9 in Spellcasting
  8635 | D:5      | Reached * piety under Vehumet
  8635 | D:5      | Offered knowledge of Sandblast by Vehumet.
  8824 | D:5      | Found a hide-covered altar of Uskayaw.
  9453 | D:6      | Reached skill level 10 in Spellcasting
  9540 | D:6      | Learned a level 1 spell: Sandblast
  9576 | D:6      | Reached skill level 1 in Short Blades
  9672 | D:6      | Learned a level 1 spell: Apportation
  9844 | D:6      | Offered knowledge of Shock by Vehumet.
 10029 | D:6      | Reached ** piety under Vehumet
 10149 | D:6      | Learned a level 1 spell: Shock
 10172 | D:6      | Reached skill level 11 in Spellcasting
 10172 | D:6      | Reached XP level 9. HP: 41/41 MP: 19/26
 10386 | D:6      | Reached skill level 1 in Translocations
 10569 | D:6      | Found Sepp's Antique Armour Emporium.
 10611 | D:6      | Found Otteki's Jewellery Emporium.
 10747 | D:6      | Learned a level 4 spell: Sticky Flame
 10820 | D:6      | Reached skill level 5 in Conjurations
 10847 | D:6      | Found Paketaf's Magic Scroll Emporium.
 10870 | D:6      | Found Tiuvig's Magic Scroll Boutique.
 10876 | D:6      | Bought a scroll of blinking for 90 gold pieces
 10876 | D:6      | Bought a scroll of teleportation for 36 gold pieces
 11248 | D:7      | Reached skill level 5 in Stealth
 11760 | D:6      | Reached skill level 1 in Earth Magic
 12382 | D:7      | Reached skill level 1 in Bows
 12473 | D:7      | Learned a level 3 spell: Dazzling Flash
 12498 | D:7      | Reached skill level 12 in Spellcasting
 12591 | D:7      | HP: 3/61 [orc warrior/boomerang (3)]
 13216 | D:8      | Noticed Maggie
 13237 | D:8      | Killed Maggie
 13242 | D:8      | Slain by a bullfrog

Illustrated notes

Levels and vault maps discovered:
D:1:      mushboom_english_gardens, layout_loops_corners
D:2:      minmay_skewed_foursquare, layout_loops_ring, general_overflow_altar,
          nrook_campfire, minmay_tiny_reverse_x, uniq_crazy_yiuf_cottage
D:3:      layout_basic, amethyst_overflow_temple_binary
D:4:      layout_basic
D:5:      layout_basic, overflow_temple_1_default, temple_statues, serial_shops,
          shop, gup_sewer_entry_glass
D:6:      layout_loops_ring, serial_shops, kennysheep_mini_moat, shop, shop,
          nicolae_shop_trees
D:7:      layout_rooms
D:8:      layout_cave_pools, lair_entry_dummy, uniq_maggie
Temple:   hc_temple_tempest_star

Skill      XL: |  1  2  3  4  5  6  7  8  9 |
---------------+----------------------------+-----
Stealth        | 3 4 5 |  5.5
Fire Magic     | 4 5 6 |  6.3
Spellcasting   | 4 5 6 7 8 11 12 | 12.6
Conjurations   | 2 3 4 5 |  5.6
Dodging        | 3 |  3.9
Throwing       | 2 |  2.4
Short Blades   | 1 2 |  2.4
Translocations | 1 |  1.1
Earth Magic    | 1 |  1.6
Bows           | 2 |  2.0
Fighting       | |  0.8
Maces & Flails | |  0.6

Action                   |  1- 3 |  4- 6 |  7- 9 || total
-------------------------+-------+-------+-------++-------
Melee: Short sword       |    32 |     2 |    33 ||    67
       Unarmed           |     1 |       |     7 ||     8
       Mace              |       |     5 |       ||     5
       Dagger            |       |       |    11 ||    11
 Fire: Shortbow          |       |       |     9 ||     9
Throw: Dart              |       |       |    12 ||    12
       Boomerang         |       |       |     7 ||     7
 Cast: Foxfire           |    69 |   149 |   161 ||   379
       Magic Dart        |       |     3 |    13 ||    16
       Searing Ray       |       |       |    31 ||    31
       Conjure Flame     |       |       |    10 ||    10
       Sandblast         |       |       |    22 ||    22
       Apportation       |       |       |     1 ||     1
       Sticky Flame      |       |       |     2 ||     2
       Shock             |       |       |     1 ||     1
       Dazzling Flash    |       |       |     1 ||     1
  Use: Scroll            |     9 |     5 |     7 ||    21
       Potion            |     3 |     4 |     4 ||    11
 Stab: Sleeping          |     2 |       |     2 ||     4
       Invisible         |       |       |     1 ||     1
Armor: Robe              |    14 |    15 |    54 ||    83
       Skin              |       |       |     2 ||     2
Dodge: Dodged            |    46 |    53 |   110 ||   209
